Map: King Sejong Station LE

Players

Kelazhur

  • Race: Terran Terran
  • League: Master

SortOf - Winner!

  • Race: Zerg Zerg
  • League: Master

VOD

Have the link to the VOD?

Description

Time

  • Played on: Nov. 25, 2016, 3:39 p.m.
  • Length: 6:43
Show
View Real Time Build Order
Export as new Build Order

Kelazhur Terran 

Build Orders: Liberator Opening, Reaper Expand 

Get SALT Encoding   

  12  0:00  SCV  
  13  0:12  SCV  
  14  0:17  Supply Depot  
  14  0:25  SCV  
  14  0:27  Refinery  
  15  0:38  SCV  
  16  0:44  Barracks  
  16  0:50  SCV  
  17  1:03  SCV  
  18  1:15  SCV  
  19  1:31  Orbital Command, Reaper  
  20  1:43  Command Center  
  20  1:55  Factory  
  20  1:58  SCV  
  21  2:04  Barracks Reactor  
  21  2:09  Supply Depot  
  21  2:12  SCV  
  22  2:17  Refinery  
  22  2:24  SCV  
  23  2:37  SCV  
  24  2:44  Starport  
  24  2:54  SCV  
  25  2:58  Supply Depot  
  25  3:02  Hellion x2  
  29  3:06  SCV  
  30  3:18  SCV  
  31  3:23  Fusion Core  
  31  3:24  Starport Tech Lab  
  31  3:27  Hellion x2  
  35  3:28  Liberator  
  35  3:31  Orbital Command  
  35  3:36  SCV  
  36  3:44  Refinery  
  39  3:48  SCV  
  40  3:59  SCV  
  40  4:01  Hellion x2  
  45  4:06  SCV  
  46  4:11  SCV  
  46  4:15  Liberator  
  47  4:18  Advanced Ballistics  
  47  4:22  SCV  
  47  4:24  SCV  
  47  4:26  Supply Depot  
  47  4:27  Marine  
  48  4:35  Hellion, SCV  
  54  4:45  Armory  
  54  4:48  Hellion, SCV x2  
  54  4:52  Supply Depot  
  58  4:57  Hellion  
  60  5:00  Liberator, SCV  
  60  5:01  SCV  
  62  5:14  SCV x2  
  64  5:17  Supply Depot  
  67  5:24  Command Center  
  67  5:26  SCV  
  68  5:30  SCV  
  69  5:38  SCV  
  70  5:43  Barracks Tech Lab, SCV  
  71  5:50  Barracks, SCV  
  71  5:51  Barracks  
  71  5:53  Factory Reactor, Supply Depot  
  71  5:55  Engineering Bay  
  71  5:56  Engineering Bay  
  72  6:00  SCV  
  74  6:05  SCV  
  74  6:09  Marine  
  75  6:12  SCV  
  75  6:17  SCV  
  74  6:21  Refinery  
  74  6:24  SCV  
  75  6:29  SCV  
Show
View Real Time Build Order
Export as new Build Order

SortOf Zerg - Winner!

Build Orders: Pool First 

Get SALT Encoding   

  12  0:00  Drone  
  13  0:12  Overlord  
  13  0:18  Drone  
  14  0:32  Drone x2  
  16  0:36  Drone  
  17  0:44  Spawning Pool  
  17  0:48  Drone  
  17  0:56  Drone  
  18  1:11  Hatchery  
  17  1:31  Hatchery  
  16  1:34  Zergling x2  
  16  1:39  Drone  
  18  1:43  Overlord  
  19  1:47  Drone  
  19  1:53  Extractor  
  18  1:56  Drone  
  19  2:01  Queen  
  19  2:06  Drone  
  22  2:20  Drone  
  23  2:23  Queen  
  23  2:24  Drone  
  23  2:29  Drone  
  27  2:35  Drone  
  28  2:38  Queen  
  28  2:43  Drone x2  
  32  2:46  Drone  
  32  2:50  Drone  
  33  3:00  Drone x2  
  33  3:03  Metabolic Boost  
  35  3:07  Drone x3  
  35  3:11  Overlord  
  38  3:15  Drone  
  38  3:18  Drone x2  
  41  3:20  Zergling x2  
  42  3:29  Queen  
  42  3:31  Queen  
  46  3:37  Zergling x6  
  46  3:39  Overlord  
  49  3:43  Overlord  
  49  3:53  Drone  
  50  3:55  Evolution Chamber  
  50  3:59  Drone  
  50  4:00  Drone x6  
  50  4:01  Drone  
  50  4:02  Drone  
  58  4:09  Evolution Chamber  
  57  4:16  Zergling x4  
  58  4:20  Drone x3  
  58  4:22  Queen  
  62  4:27  Zergling x2, Zerg Ground Armor Level 1  
  62  4:28  Zergling x2  
  62  4:30  Zergling x4  
  66  4:33  Overlord  
  66  4:40  Zerg Melee Weapons Level 1  
  66  4:46  Overlord x2  
  66  4:49  Overlord  
  66  4:50  Overlord  
  66  4:51  Queen  
  67  4:54  Drone x3  
  67  4:55  Drone  
  71  5:00  Baneling Nest  
  71  5:04  Drone  
  71  5:05  Spine Crawler, Drone  
  71  5:11  Drone x2, Extractor  
  71  5:13  Extractor  
  71  5:14  Queen  
  71  5:16  Zergling x8  
  77  5:22  Zergling x8  
  77  5:23  Zergling x2  
  82  5:30  Drone x2  
  84  5:43  Lair, Drone x2  
  84  5:47  Baneling, Overlord  
  84  5:48  Baneling x2  
  88  5:50  Drone x4  
  88  5:51  Drone x2  
  88  5:52  Extractor  
  88  5:54  Drone x3  
  94  6:01  Drone x3  
  90  6:06  Drone x3  
  90  6:07  Spore Crawler  
  92  6:15  Drone x4  
  92  6:25  Drone x2  
  93  6:29  Spore Crawler  
  92  6:41  Spore Crawler  
Tags
 
Add a new tag
Caveats
  • Supply blocks, unpowered buildings, or Contaminate may cause inaccurate times.
  • Supply counts are checked every 10 seconds.